 Dungeon Crawl Stone Soup version 0.28-a0-577-gb193047a1f (webtiles) character file.

Game seed: 18317527184332024513

23 iamoutofideas the Chopper (level 3, 0/45 HPs)
             Began as a Hill Orc Gladiator on Oct 1, 2021.
             Succumbed to an adder's poison
             ... on level 2 of the Dungeon.
             The game lasted 00:00:48 (1064 turns).

iamoutofideas the Chopper (Hill Orc Gladiator)      Turns: 1064, Time: 00:00:48

Health: 0/45       AC: 21    Str: 17    XL:     3   Next: 0%
Magic:  3/3        EV:  2    Int:  8    God:
Gold:   55         SH:  0    Dex: 12    Spells: 2/2 levels left

rFire   . . .      SeeInvis .   a - +0 war axe
rCold   . . .      Faith    .   (no shield)
rNeg    . . .      Spirit   .   (armour currently unavailable)
rPois   +          Reflect  .   (helmet currently unavailable)
rElec   .          Harm     .   (cloak currently unavailable)
rCorr   .          Rampage  .   (gloves currently unavailable)
Will    .....      NoTele   +   (boots currently unavailable)
Stlth   +.........              (no amulet)
HPRegen 0.15/turn               (no ring)
MPRegen 0.08/turn               (no ring)

@: lethally poisoned (0 -> -2), tree-form
A: stationary, stasis, torment immunity, boosted hp
a: no special abilities


You were on level 2 of the Dungeon.
You were a tree.
You visited 1 branch of the dungeon, and saw 2 of its levels.

You collected 55 gold pieces.

Inventory:

Hand Weapons
 a - a +0 war axe (weapon)
Missiles
 d - 3 throwing nets (quivered)
Armour
 b - a +0 leather armour (melded)
 c - a +0 helmet (melded)
 h - a +0 ring mail
Scrolls
 f - 2 scrolls of teleportation {unknown}
 g - a scroll of amnesia {unknown}
 j - a scroll of vulnerability {unknown}
 k - a scroll of summoning {unknown}
Potions
 e - a potion of invisibility {unknown}
 i - a potion of brilliance {unknown}
 m - a potion of ambrosia {unknown}


   Skills:
 - Level 2.4 Fighting
 + Level 5.4 Axes
 - Level 1.7 Throwing
 - Level 2.4 Dodging


You had 2 spell levels left.
You didn't know any spells.
Your spell library was empty.

Dungeon Overview and Level Annotations

Branches:
Dungeon (2/15)

Altars:

Annotations:
D:2 Natasha


Message History

You feel sick. Natasha closely misses you.
The crimson imp blinks!
You feel sick.
You are no longer poisoned.
The adder bites you. Natasha claws you but does no damage.
You open the door. The adder bites you but does no damage.
Natasha growls.
Natasha closely misses you.
There is an open door here.
The adder completely misses you. The adder bites you.
You are poisoned.
The adder poisons you!
You feel sick.
You feel sick.
You feel sick.
You feel sick. The adder bites you.
You feel sick.
You are no longer poisoned.
Natasha growls.
The adder bites you.
You are poisoned.
The adder poisons you!
You feel sick.
You feel sick.
You feel sick.
Natasha stares at you and mumbles some strange words.
The magic dart hits you.
* * * LOW HITPOINT WARNING * * *
* * * LOW HITPOINT WARNING * * *
You feel sick.
Natasha mumbles some strange words.
Natasha shimmers violently.
* * * LOW HITPOINT WARNING * * *
You feel sick.
There is an open door here.
It was a potion of lignification.
You turn into a tree.
Your +0 helmet melds into your body.
Your +0 leather armour melds into your body.
Your roots penetrate the ground.
You die...

...................######.
.######...............# .
#####..............#
#...#...5..........#
#.<.#..............#
#...####...###.....# #...#
#.h.# #.....#
###...####...# #.....#
+...8†..♣S...# #.....#
##.....##....#
##...##.....# ##.##..#####
#+#..# ...# ####


You could see Natasha and an adder.

Vanquished Creatures
  A dart slug (D:1)
  A bat (D:1)
  3 endoplasms (D:1)
  A goblin (D:1)
  4 hobgoblins
  A kobold (D:1)
  A quokka (D:1)
  4 frilled lizards
  4 rats
20 creatures vanquished.

Notes
Turn   | Place    | Note
-------+----------+-------------------------------------------
     0 | D:1      | iamoutofideas the Hill Orc Gladiator began the quest for
                  | the Orb.
     0 | D:1      | Reached XP level 1. HP: 18/18 MP: 1/1
   361 | D:1      | Reached XP level 2. HP: 25/25 MP: 2/2
   525 | D:1      | Reached skill level 5 in Axes
   557 | D:1      | Found a faded altar of an unknown god.
  1024 | D:2      | Reached XP level 3. HP: 30/30 MP: 3/3
  1039 | D:2      | Noticed Natasha
  1062 | D:2      | HP: 1/30 [poisoned by an adder]
  1064 | D:2      | Succumbed to an adder's poison

Illustrated notes

Levels and vault maps discovered:
D:1:      saegor_arrival_simple_d, layout_basic,
          hellmonk_ecumenical_altar_inner_sanctum, solitary_fountain,
          minmay_strange_pillars
D:2:      layout_basic, minmay_misc_feat_five, grunt_ministairs_14, uniq_natasha

Skill      XL: |  1  2 |
---------------+-------+-----
Axes           | 5 |  5.4
Fighting       | |  2.4
Throwing       | |  1.7
Dodging        | |  2.4

Action                   || total
-------------------------++-------
Melee: War axe           ||    44
  Use: Potion            ||     1
Armor: Leather armour    ||    18
Dodge: Dodged            ||    27

Table legend: (Time is in decaauts)
 A = Elapsed time spent in this place.
 B = Non-inter-level travel time spent in this place.
 C = Inter-level travel time spent in this place.
 D = Time resting spent in this place.
 E = Time spent auto-exploring this place.
 F = Levels seen in this place.
 G = Mean time per level.
                   A        B        C        D        E       F      G
               +--------+--------+--------+--------+--------+-----+--------+
         Total |   1075 |   1044 |     31 |      0 |    882 |   2 |  537.5 |
       Dungeon |   1075 |   1044 |     31 |      0 |    882 |   2 |  537.5 |
               +--------+--------+--------+--------+--------+-----+--------+

Top non-repeatable levels by time:
     D:1: 978 daAuts
     D:2: 96 daAuts
